 Dungeon Crawl Stone Soup version 0.21-a0-632-g1e37ce5 (webtiles) character file.

513 wvc the Carver (level 7, -1/48 HPs)
             Began as a Barachi Wanderer on Dec 27, 2017.
             Slain by an adder (3 damage)
             ... on level 3 of the Dungeon.
             The game lasted 00:08:29 (4037 turns).

wvc the Carver (Barachi Wanderer)                   Turns: 4037, Time: 00:08:29

Health: -1/48      AC:  4    Str: 13    XL:     7   Next: 20%
Magic:  10/10      EV:  9    Int: 17    God:
Gold:   249        SH:  9    Dex:  9    Spells: 10/10 levels left

rFire    . . .     SeeInvis .   a - +3 falchion
rCold    . . .     Gourm    .   x - +0 shield
rNeg     + . .     Faith    .   k - +2 robe {rN+}
rPois    .         Spirit   .   (no helmet)
rElec    .         Reflect  +   (no cloak)
rCorr    +         Harm     .   (no gloves)
MR       +....                  (no boots)
Stlth    +.........             s - +3 amulet of reflection
HPRegen  0.16/turn              h - ring of resist corrosion
MPRegen  0.12/turn              r - ring of protection from magic

@: slow
A: +LOS, swims, slowness 1, strong legs 1
a: Hop


You were on level 3 of the Dungeon.
You were not hungry.

You visited 1 branch of the dungeon, and saw 4 of its levels.

You collected 249 gold pieces.

Inventory:

Hand Weapons
 a - a +3 falchion (weapon)
 b - a +1 hunting sling of velocity
 p - a +2 dagger of flaming
 w - a +0 rapier
Missiles
 g - 201 stones (quivered)
 o - 2 javelins
Armour
 k - a +2 robe of positive energy (worn)
 x - a +0 shield (worn)
Magical Staves
 u - an uncursed staff of earth
Jewellery
 h - a ring of resist corrosion (left hand)
 q - an uncursed amulet of the gourmand
 r - a ring of protection from magic (right hand)
 s - a +3 amulet of reflection (around neck)
Wands
 e - a wand of flame (18)
Scrolls
 i - 2 scrolls of identify
 t - a scroll of remove curse
Potions
 d - a potion of haste
 m - 2 potions of lignification
Books
 c - the Disquisition on Stones

   Spells                             Type                      Level
   a - Sandblast                      Earth                        1
   b - Stone Arrow                    Conjuration/Earth            3
Comestibles
 f - 6 rations


   Skills:
 - Level 1.2 Fighting
 + Level 8.4 Long Blades
 - Level 3.0 Dodging
 - Level 2.1 Spellcasting
   Level 3.2 Poison Magic
 - Level 2.1 Evocations


You had 10 spell levels left.
You didn't know any spells.

Dungeon Overview and Level Annotations

Branches:
Dungeon (4/15)
 Temple: D:4-7

Altars:
Makhleb
Qazlal
Sif Muna
The Shining One


Innate Abilities, Weirdness & Mutations

Shadows flee at your approach. (+LOS)
You can swim through water.
You cover ground slowly.
You can hop short distances.


Message History

You closely miss the adder.
The adder is heavily wounded.
You block the adder's attack.
You barely miss the adder.
The adder is heavily wounded.
The adder bites you but does no damage. The adder bites you.
* * * LOW HITPOINT WARNING * * *
You barely miss the adder.
The adder is heavily wounded.
* * * LOW HITPOINT WARNING * * *
You feel sick.
You are no longer poisoned.
The adder bites you but does no damage.
You miss the adder.
The adder is heavily wounded.
You block the adder's attack.
You closely miss the adder.
The adder is heavily wounded.
You block the adder's attack. The adder bites you.
You die...

#........)).####
#.........<## #.
#..........# #.
#......)...####.
#..........##...
#..........#..).
######.#.......#
#########.#......##
#.@...##......(####
#S.................
#.....##...........
#........##........
#####.##.##........
##.....##........
##..#.####........
#.....# #........
####### #........


You could see an adder.

Vanquished Creatures
  Sigmund (D:2)
  An orc warrior (D:3)
  A hound (D:3)
  An orc wizard (D:3)
  An orc priest (D:3)
  Terence (D:1)
  2 worker ants
  5 adders
  A worm (D:4)
  A dart slug (D:2)
  2 leopard geckos (D:2)
  3 orcs (D:3)
  11 bats
  3 giant cockroaches
  7 goblins
  A hobgoblin (D:2)
  3 jackals (D:4)
  6 kobolds
  A ball python (D:1)
  3 frilled lizards
  4 rats
59 creatures vanquished.

Notes
Turn   | Place    | Note
-------+----------+-------------------------------------------
     0 | D:1      | wvc the Barachi Wanderer began the quest for the Orb.
     0 | D:1      | wvc set off with: a +2 falchion, a potion of lignification, the Disquisition on Stones, a +0 robe, a ration
     0 | D:1      | Reached XP level 1. HP: 15/15 MP: 3/3
     0 | D:1      | Identified the Disquisition on Stones
   270 | D:1      | Reached skill level 3 in Long Blades
   304 | D:1      | Reached XP level 2. HP: 19/21 MP: 5/5
   800 | D:2      | Found a deep blue altar of Sif Muna.
  1116 | D:2      | Reached skill level 4 in Long Blades
  1116 | D:2      | Reached XP level 3. HP: 14/26 MP: 6/6
  1148 | D:2      | HP: 1/26 [poisoned by an adder]
  1718 | D:2      | Noticed Sigmund
  1770 | D:2      | Killed Sigmund
  1770 | D:2      | Reached skill level 6 in Long Blades
  1770 | D:2      | Reached XP level 4. HP: 32/32 MP: 7/7
  1770 | D:2      | Reached XP level 5. HP: 37/37 MP: 8/8
  1983 | D:2      | Found a glowing golden altar of the Shining One.
  2059 | D:2      | Noticed Terence
  2321 | D:1      | Killed Terence
  2570 | D:2      | Reached XP level 6. HP: 42/43 MP: 9/9
  3118 | D:3      | Found a stormy altar of Qazlal.
  3291 | D:3      | Found a burning altar of Makhleb.
  3297 | D:3      | Reached skill level 7 in Long Blades
  3368 | D:3      | Noticed an orc warrior
  3402 | D:3      | Killed an orc warrior
  3687 | D:3      | Reached skill level 8 in Long Blades
  3687 | D:3      | Reached XP level 7. HP: 40/48 MP: 10/10
  4034 | D:3      | HP: 2/48 [adder (1)]
  4037 | D:3      | Slain by an adder

Vault maps used:
D:1:      dpeg_arrival_signposts, nrook_mini_backslash
D:2:      marbit_many_paths, lemuel_blue_sif_altar, uniq_terence, uniq_sigmund
D:3:      makhleb_blood_cavern_becter, first_ration,
          nicolae_qazlal_eye_of_the_storm
D:4:      kennysheep_mini_moat, lemuel_coloured_pillars_altar, temple_doors_e,
          enter_ossuary_2, nicolae_tso_swordbearing_angel

Skill      XL: |  1  2  3  4  5  6 |
---------------+-------------------+-----
Long Blades    | 3 4 6 8 |  8.4
Dodging        | 2 3 |  3.0
Fighting       | |  1.2
Spellcasting   | |  2.1
Poison Magic   | |  3.2
Evocations     | |  2.1

Action                   |  1- 3 |  4- 6 |  7- 9 || total
-------------------------+-------+-------+-------++-------
Melee: Falchion          |    87 |   116 |    34 ||   237
 Fire: Hunting sling     |     9 |       |       ||     9
 Abil: Hop               |       |     1 |       ||     1
  Use: Scroll            |     3 |     2 |     1 ||     6
       Potion            |     3 |     5 |     1 ||     9
 Stab: Sleeping          |     1 |       |       ||     1
  Eat: Chunk             |     1 |     7 |       ||     8
       Ration            |     1 |     1 |       ||     2
Armor: Robe              |     8 |    17 |    12 ||    37
       Skin              |    13 |     9 |       ||    22
Dodge: Dodged            |    36 |    54 |    21 ||   111
Block: Shield            |       |    18 |    20 ||    38
       Rpst.: Falchion   |    10 |    19 |     5 ||    34

Table legend:
 A = Spawn XP
 B = Non-spawn XP
 C = Spawn XP percentage of total XP
 D = Spawn monster count
 E = Non-spawn monster count
 F = Spawn count percentage of total count
 G = Total turns spent on level
                    A         B        C        D         E        F      G
               +---------+---------+-------+---------+---------+-------+---------
         Total |       0 |     734 |   0.0 |       0 |      59 |   0.0 |  4037
               +---------+---------+-------+---------+---------+-------+---------
           D:1 |       0 |      49 |   0.0 |       0 |      10 |   0.0 |  1168
           D:2 |       0 |     285 |   0.0 |       0 |      24 |   0.0 |  1838
           D:3 |       0 |     357 |   0.0 |       0 |      20 |   0.0 |   828
           D:4 |       0 |      43 |   0.0 |       0 |       5 |   0.0 |   203
               +---------+---------+-------+---------+---------+-------+---------
